 Dungeon Crawl Stone Soup version 0.29-a0-275-g389c0b56f3 (webtiles) character file.

Game seed: 5661368604419806579

18 spaghetti the Ducker (level 2, 0/21 HPs)
             Began as an Octopode Chaos Knight on Mar 9, 2022.
             Was a Plaything of Xom.
             Slain by a kobold
             ... wielding a +3 dagger
              (2 damage)
             ... on level 1 of the Dungeon.
             The game lasted 00:00:33 (490 turns).

spaghetti the Ducker (Octopode Chaos Knight)         Turns: 490, Time: 00:00:33

Health: 0/21       AC:  1    Str: 11    XL:     2   Next: 70%
Magic:  2/2        EV: 13    Int: 14    God:    Xom [..*...]
Gold:   4          SH:  0    Dex: 11    Spells: 1/1 levels left

rFire   . . .      SeeInvis .   a - +0 hand axe (chaos) {axe}
rCold   . . .      Faith    .   (no shield)
rNeg    . . .      Spirit   .   (helmet restricted)
rPois   .          Reflect  .   (no amulet)
rElec   .          Harm     .   (no ring)
rCorr   .          Rampage  .   (no ring)
Will    .....                   (no ring)
Stlth   ++........              (no ring)
HPRegen 0.07/turn               (no ring)
MPRegen 0.08/turn               (no ring)
                                (no ring)
                                (no ring)

@: confused, ambrosia-drunk, attractive
A: almost no armour, amphibious, 8 rings, camouflage 1, gelatinous body 1,
(nimble swimmer 1), tentacles
a: Renounce Religion


You were on level 1 of the Dungeon.
You worshipped Xom.
You were a toy of Xom.
You visited 1 branch of the dungeon, and saw 1 of its levels.

You collected 4 gold pieces.


Innate Abilities, Weirdness & Mutations

You cannot wear most types of armour.
You are amphibious.
You can wear up to eight rings at the same time.
Your skin changes colour to match your surroundings (Stealth+).
Your rubbery body absorbs attacks. (AC +1, EV +1)
((You are camouflaged when in or above water. (Stealth+)))
You have tentacles for arms and can constrict up to eight enemies at once.


   Skills:
 - Level 3.0 Fighting
 - Level 3.0 Axes
 + Level 3.4 Dodging


You had one spell level left.
You didn't know any spells.
Your spell library was empty.

Inventory:

Hand Weapons
 a - a +0 hand axe of chaos (weapon) {axe}
Missiles
 c - 20 stones {throwing}
Jewellery
 d - a ring of flight
   (You found it on level 1 of the Dungeon)
Scrolls
 g - 3 scrolls of silence {unknown}
Potions
 e - a potion of mutation {unknown}
Miscellaneous
 b - a piece from Xom's chessboard (15/15) (quivered)

Dungeon Overview and Level Annotations

Branches:
Dungeon (1/15)

Altars:

............
.............#### ###
................## ....
............#.#..###....
........................
............#.#.........
........................
.##.....######$..g......
.##.....#....'..@{......
.##.......####...K......
..........# #..........
.#######..# #......#.#.
..........# #..........
#########.# #......#.#.
# #.# #.......... # #..
####...#.#. # ...# .....


You could see a goblin and a kobold.


Message History

You closely miss the goblin. You grab the goblin.
Your squeeze misses the goblin. You constrict the goblin.
The goblin hits you with a +0 club. 😮 HP[-4]
You take 4 damage, and now have 15/21 hp.
You are too injured to fight recklessly!
You are too injured to fight recklessly!
You are too injured to fight recklessly!
You are too injured to fight recklessly!
You are too injured to fight recklessly!
You are too injured to fight recklessly!
A goblin is nearby!
A goblin is nearby!
You hit the goblin. You burn the goblin.
You kill the goblin!
You see here a +0 club {mace}.
You start resting. 😎 HP[+6]
Your hp is fully restored (21).
You open the door.
A giant cockroach and a bat come into view.
There are monsters nearby!
There are monsters nearby!
There are monsters nearby!
There is an open door here.
The helpless giant cockroach fails to defend itself.
You hit the giant cockroach.
You kill the giant cockroach!
A bat comes into view.
The bat barely misses you.
You barely miss the bat. You grab the bat. You barely miss the bat.
You constrict the bat. The bat hits you but does no damage. x2
The bat escapes!
You barely miss the bat. You grab the bat. You constrict the bat.
You kill the bat!
The bat hits you. 😕 HP[-1]
You take 1 damage, and now have 20/21 hp.
You hit the bat.
You kill the bat!
g - 3 scrolls labelled VALLEHEMIN 😎 HP[+1]
Your hp is fully restored (21).
h - a silvery potion No target in view!
No target in view!
No target in view!
No target in view!
No target in view!
You now have 4 gold pieces.
You see here a giant cockroach corpse.
You open the door.
There is an open door here.
Key pressed, stopping explore.
You open the door. You open the door.
A kobold comes into view. It is wielding a +0 club.
There is an open door here.
A kobold comes into view. It is wielding a +3 dagger.
The kobold shouts!
You hear a shout!
You hear an angry hiss.
The kobold throws a stone.
The stone closely misses you.
A frilled lizard comes into view.
A goblin comes into view. It is wielding a +0 club.
The kobold throws a stone.
The stone hits you but does no damage.
You closely miss the frilled lizard. You grab the frilled lizard.
You constrict the frilled lizard.
You kill the frilled lizard!
The kobold throws a stone.
The stone closely misses you. The kobold hits you with a +3 dagger.
The kobold hits you with a +0 club.
You are too injured to fight recklessly! 😮 HP[-6]
You take 6 damage, and now have 15/21 hp.
MASSIVE DAMAGE!! (PAUSE)
You hit the kobold.
The kobold flickers and vanishes!
Deactivating autopickup; reactivate with Ctrl-A.
You closely miss the goblin. You barely miss the kobold. Something hits you.
* * * LOW HITPOINT WARNING * * *
The kobold hits you with a +0 club.
* * * LOW HITPOINT WARNING * * *
The goblin closely misses you. 😨 HP[-9]
You take 9 damage, and now have 6/21 hp.
MASSIVE DAMAGE!! (PAUSE) It was a potion of ambrosia.
You are confused.
You feel invigorated. Something hits you.
* * * LOW HITPOINT WARNING * * *
The kobold closely misses you.
The goblin hits you but does no damage. 😱 HP[-1]
You take 1 damage, and now have 5/21 hp.
It was a potion of attraction.
You feel attractive to monsters. Something hits you.
* * * LOW HITPOINT WARNING * * *
The kobold closely misses you. The goblin barely misses you. 😱 HP[-3]
You take 3 damage, and now have 2/21 hp.
Okay, then.
Something hits you.
You die...

Skill      XL: |  1 |
---------------+----+-----
Dodging        | 3 |  3.4
Fighting       | |  3.0
Axes           | |  3.0

Action                   || total
-------------------------++-------
Melee: Hand axe          ||    25
       Constrict         ||     9
       Tentacles         ||     5
  Use: Potion            ||     2
 Stab: Sleeping          ||     4
Armor: Skin              ||     6
Dodge: Dodged            ||    15

Levels and vault maps discovered:
D:1:      dpeg_arrival_signposts, layout_basic, serial_glass, glass_columns_a,
          glass_columns_b, glass_columns_a, glass_columns_a, glass_columns_b,
          glass_columns_b

Notes
Turn   | Place    | Note
-------+----------+-------------------------------------------
     0 | D:1      | spaghetti the Octopode Chaos Knight began the quest for the
                  | Orb.
     0 | D:1      | Reached XP level 1. HP: 16/16 MP: 1/1
     0 | D:1      | magus.rc [v1.9.6]
    98 | D:1      | Reached skill level 3 in Dodging
    98 | D:1      | Reached XP level 2. HP: 16/21 MP: 2/2
   488 | D:1      | HP: 5/21 [something (4)]
   489 | D:1      | HP: 2/21 [something (6)]
   490 | D:1      | Slain by a kobold

Vanquished Creatures
  2 dart slugs (D:1)
  A giant cockroach (D:1)
  2 goblins (D:1)
  A hobgoblin (D:1)
  2 quokkas (D:1)
  A ball python (D:1)
  2 bats (D:1)
  3 frilled lizards (D:1)
  A rat (D:1)
15 creatures vanquished.

Table legend:
 A = Non-vault XP
 B = Vault XP
 C = Vault XP percentage of total XP
 D = Non-vault monster count
 E = Vault monster count
 F = Vault count percentage of total count
                 A         B        C        D         E       F
            +---------+---------+-------+---------+---------+-------
      Total |      27 |       0 |   0.0 |      15 |       0 |   0.0
            +---------+---------+-------+---------+---------+-------
        D:1 |      27 |       0 |   0.0 |      15 |       0 |   0.0
            +---------+---------+-------+---------+---------+-------

Illustrated notes

Table legend:
 A = Kills in this place as a percentage of kills in entire the game.
 B = Kills by you in this place as a percentage of kills by you in the entire game.
 C = Kills by friends in this place as a percentage of kills by friends in the entire game.
 D = Other kills in this place as a percentage of other kills in the entire game.
 E = Experience gained in this place as a percentage of experience gained in the entire game.
 F = Experience gained in this place divided by the number of levels of this place that you have seen.
                   A       B       C       D       E      F
               +-------+-------+-------+-------+-------+----------------------
         Total | 100.0 | 100.0 |   N/A |   N/A | 100.0 |  27.0
       Dungeon | 100.0 | 100.0 |   N/A |   N/A | 100.0 |  27.0
               +-------+-------+-------+-------+-------+----------------------

Table legend: (Time is in decaauts)
 A = Elapsed time spent in this place.
 B = Non-inter-level travel time spent in this place.
 C = Inter-level travel time spent in this place.
 D = Time resting spent in this place.
 E = Time spent auto-exploring this place.
 F = Levels seen in this place.
 G = Mean time per level.
                   A        B        C        D        E       F      G
               +--------+--------+--------+--------+--------+-----+--------+
         Total |    493 |    493 |      0 |     81 |    302 |   1 |  493.0 |
       Dungeon |    493 |    493 |      0 |     81 |    302 |   1 |  493.0 |
               +--------+--------+--------+--------+--------+-----+--------+

Top non-repeatable levels by time:
     D:1: 493 daAuts
